 Dungeon Crawl Stone Soup version 0.17-a0-1479-g4041c36 (webtiles) character file.

1020952 Fluffy the Minotaur Barricade (level 27, -7/273 HPs)
             Began as a Minotaur Fighter on June 30, 2015.
             Was the Champion of the Shining One.
             Mangled by a shard shrike (13 damage)
             ... created by the effects of Hell
             ... on level 7 of Cocytus on July 3, 2015.
             The game lasted 06:53:19 (93829 turns).

Fluffy the Minotaur Barricade (Minotaur Fighter)   Turns: 93829, Time: 06:53:20

Health: -7/273     AC: 41    Str: 25    XL:     27
Magic:  23/39      EV: 24    Int: 11    God:    the Shining One [******]
Gold:   13773      SH: 30    Dex: 16    Spells: 0 memorised, 26 levels left

rFire  + + +     SeeInvis .     C - +9 sacred scourge (holy)
rCold  + + .     Clarity  .     Z - +3 plate armour of the Buccaneer {rF+ rC+ Stlth+}
rNeg   + + +     SustAt   .     T - +3 buckler of Philately {rF+ rCorr Int+3}
rPois  +         Gourm    .     g - +2 hat
rElec  +         Spirit   .     N - +0 cloak of Izxockux {Regen+ Int+3}
rCorr  +         Warding  .     v - +0 pair of gloves "Gykhleli" {rElec rF+}
rMut   +         Stasis   .     t - +2 pair of boots
MR     ++...                    S - amulet "Edghunn" {rMut +Fly Str-4 Stlth+}
Stlth  ..........               R - ring "Pausiwi" {*Drain rElec rF++ rN+}
                                i - ring "Ycseom" {Ice Str+5 Dex-4 Slay+5}

@: divine shield, glowing, very resistant to hostile enchantments, extremely
unstealthy
A: retaliatory headbutt, horns 2, iridescent scales 1, thin metallic scales 1,
breathe flames 1, poison resistance, screaming 1
a: Divine Shield, Cleansing Flame, Summon Divine Warrior, Renounce Religion,
Breathe Fire, Evoke Flight
}: 8/15 runes: decaying, slimy, silver, golden, iron, obsidian, bone, gossamer


You were on level 7 of Cocytus.
You worshipped the Shining One.
The Shining One was exalted by your worship.
You were very hungry.

You visited 18 branches of the dungeon, and saw 94 of its levels.
You also visited: Labyrinth, Ice Cave and Wizlab.

You collected 16197 gold pieces.
You spent 2424 gold pieces at shops.

Inventory:

Hand weapons
 C - a +9 sacred scourge of holy wrath (weapon)
Armour
 g - a +2 hat (worn)
 j - the +9 plate armour of Feasting {rCorr Str+3}
   (You bought it in a shop on level 5 of the Dungeon)

   It affects your strength (+3).
   It protects you from acid and corrosion.
 t - a +2 pair of boots (worn)
 v - the +0 pair of gloves "Gykhleli" (worn) {rElec rF+}
   (You bought it in a shop on level 4 of the Orcish Mines)

   It protects you from fire.
   It insulates you from electricity.
 N - the +0 cloak of Izxockux (worn) {Regen+ Int+3}
   (You acquired it in the Vestibule of Hell)

   It affects your intelligence (+3).
   It increases your rate of regeneration.
 T - the +3 buckler of Philately (worn) {rF+ rCorr Int+3}
   (You found it on level 3 of the Tomb of the Ancients)

   It affects your intelligence (+3).
   It protects you from fire.
   It protects you from acid and corrosion.
 X - a +2 shield of protection
 Z - the +3 plate armour of the Buccaneer (worn) {rF+ rC+ Stlth+}
   (You found it on level 3 of the Tomb of the Ancients)

   It protects you from fire.
   It protects you from cold.
   It makes you more stealthy.
Jewellery
 i - the ring "Ycseom" (left hand) {Ice Str+5 Dex-4 Slay+5}
   (You found it on level 3 of the Elven Halls)

   [ring of ice]

   It enhances your ice magic, and weakens your fire magic.
   It affects your strength (+5).
   It affects your dexterity (-4).
   It affects your accuracy and damage with ranged weapons and melee attacks
   (+5).
   It makes you vulnerable to fire.
   It protects you from cold.
 y - the ring of Gikoow {Wiz rF+ Int+2 Dex-3}
   (You found it on level 3 of the Tomb of the Ancients)

   [ring of wizardry]

   It improves your spell success rate.
   It affects your intelligence (+2).
   It affects your dexterity (-3).
   It protects you from fire.
 B - an uncursed amulet of clarity
 L - the ring "Kixzat" {Ice +Blink}
   (You found it on level 1 of the Spider Nest)

   [ring of ice]

   It enhances your ice magic, and weakens your fire magic.
   It makes you vulnerable to fire.
   It protects you from cold.
   It lets you blink.
 O - the ring "Zodiox" {rPois rF+ MR++ Slay+5}
   (You found it on level 10 of the Dungeon)

   [ring of protection from fire]

   It affects your accuracy and damage with ranged weapons and melee attacks
   (+5).
   It protects you from fire.
   It protects you from poison.
   It affects your resistance to hostile enchantments.
 R - the ring "Pausiwi" (right hand) {*Drain rElec rF++ rN+}
   (You found it on level 3 of the Crypt)

   [ring of positive energy]

   It greatly protects you from fire.
   It insulates you from electricity.
   It protects you from negative energy.
   It causes draining when unequipped.
 S - the amulet "Edghunn" (around neck) {rMut +Fly Str-4 Stlth+}
   (You found it on level 15 of the Dungeon)

   [amulet of resist mutation]

   It protects you from mutation.
   It affects your strength (-4).
   It lets you fly.
   It makes you more stealthy.
Magical devices
 q - a wand of disintegration (15)
 A - a wand of digging (16)
 D - a wand of teleportation (2)
 E - a wand of hasting (5)
 J - a wand of heal wounds (8)
Scrolls
 c - 2 scrolls of recharging
 h - 16 scrolls of magic mapping
 s - 22 scrolls of teleportation
 w - 8 scrolls of fear
 x - 10 scrolls of blinking
 F - 21 scrolls of identify
 I - a scroll of silence
 K - 10 scrolls of enchant armour
 M - 24 scrolls of remove curse
 P - 6 scrolls of summoning
Potions
 d - 4 potions of might
 k - 8 potions of flight
 l - 7 potions of agility
 m - 2 potions of heal wounds
 n - 18 potions of curing
 o - 3 potions of cancellation
 r - 6 potions of resistance
 u - 8 potions of berserk rage
 H - 5 potions of haste
 V - 3 potions of magic
 Y - 7 potions of cure mutation
Miscellaneous
 G - a disc of storms
Comestibles
 a - 6 chunks of flesh
 b - 53 fruits
 e - 35 bread rations
 f - 8 royal jellies
 p - 25 meat rations


   Skills:
 O Level 27 Fighting
 O Level 27 Maces & Flails
 O Level 27 Armour
 O Level 27 Dodging
 O Level 27 Shields
 O Level 27 Invocations
 + Level 7.0 Evocations


You had 26 spell levels left.
You didn't know any spells.

Dungeon Overview and Level Annotations

Branches:
Dungeon (15/15)            Temple (1/1) D:5            Lair (8/8) D:10
  Swamp (4/4) Lair:3       Spider (4/4) Lair:5        Slime (6/6) Lair:6
    Orc (4/4) D:11            Elf (3/3) Orc:4        Vaults (5/5) D:13
  Crypt (3/3) Vaults:2       Tomb (3/3) Crypt:3      Depths (5/5) D:15
   Hell (1/1)                 Dis (7/7) Hell            Geh (7/7) Hell
    Coc (7/7) Hell            Tar (7/7) Hell            Zot (4/5) Depths:5

Altars:
Ashenzari
Cheibriados
Dithmenos
Elyvilon
Fedhas
Gozag
Kikubaaqudgha
Makhleb
Nemelex Xobeh
Okawaru
Qazlal
Ru
Sif Muna
Trog
Vehumet
Xom
Yredelemnul
Zin
The Shining One
Beogh
Jiyva

Shops:
D:5 :(*[   D:8 %   D:11 [   D:14 *   Orc:1 ?   Orc:4 ([([   Vaults:1 ?
Vaults:3 *   Vaults:4 !   Depths:5 *

Portals:
Hell: Depths:1 Depths:2 Depths:3 Depths:4 Depths:5
Abyss: Depths:4
Pandemonium: Depths:3
Ziggurat: Depths:5
Trove: Depths:3 (give wand of heal wounds (8))


Innate Abilities, Weirdness & Mutations

You reflexively headbutt those who attack you in melee.
You have a pair of horns on your head.
You are partially covered in iridescent scales (AC +4).
You are partially covered in thin metallic scales (AC +2).
You can breathe flames.
Your system is resistant to poisons.
You occasionally shout uncontrollably at your foes.


Message History

You feel much better.
The shard shrike screeches!
Your daeva blocks the shard shrike's attack.
The shard shrike claws you but does no damage.
The shard shrike closely misses you. You furiously retaliate!
You headbutt the shard shrike!
Unknown command.
An anaconda zombie comes into view.
The shard shrike screeches!
You block the shard shrike's attack. The shard shrike claws you.
* * * LOW HITPOINT WARNING * * *
The shard shrike freezes you! You resist.
* * * LOW HITPOINT WARNING * * *
The Ice Fiend calls on the powers of darkness!
The shard shrike convulses!
Your body is wracked with pain!
* * * LOW HITPOINT WARNING * * *
The shard shrike convulses!
Your daeva convulses!
The shard shrike claws you!
You die...

#.≈≈≈..# #.Z≈≈..#
##.≈≈≈..#
#..≈≈≈..#
#.≈≈1≈..#
#.≈≈≈≈..#
#.≈≈≈≈.b#
#..≈≈≈b@#
##.≈≈≈A†#
#.≈≈≈≈.#
##.≈≈≈≈.#
##..≈≈≈..#
##...≈≈...#
##....≈≈...# ...
##....≈≈...##
⌠...##....≈≈...##


You could see 2 shard shrikes, an Ice Fiend, an anaconda zombie and a friendly
daeva.

Vanquished Creatures
  Asmodeus (Geh:7)
  the royal jelly (Slime:6)
  Ereshkigal (Tar:7)
  the Serpent of Hell (Tar:7)
  Dispater (Dis:7)
  5 ancient liches
  29 greater mummies
  Boris (Tomb:1)
  Frederick (Tomb:1)
  7 shard shrikes
  Margery (Vaults:4)
  Saint Roka (Elf:2)
  13 caustic shrikes
  A curse toe (Zot:1)
  Geryon (Hell)
  18 tentacled monstrosities
  Nikola (Swamp:4)
  6 golden dragons
  Jory (Vaults:4)
  the Enchantress (Depths:2)
  6 bone dragons
  17 Brimstone Fiends
  Jorgrun (Vaults:1)
  3 Ice Fiends
  16 liches
  8 titans
  5 deep elf blademasters
  7 Hell Sentinels
  Asterion (Elf:2)
  23 acid blobs
  11 sphinxes
  Murray (Depths:1)
  7 eldritch tentacles
  2 octopode crushers (Depths:5)
  17 Shadow Fiends
  13 storm dragons
  3 Executioners
  4 thorn hunters
  4 ancient champions
  5 tengu reavers
  9 shadow dragons
  A draconian monk (Zot:3)
  6 revenants
  14 deep elf sorcerers
  20 azure jellies
  12 frost giants
  Maud (Orc:2)
  18 fire giants
  8 ghost moths
  6 draconian knights
  An orc warlord (Orc:4)
  13 cacodemons
  22 balrugs
  4 draconian scorchers
  14 iron dragons
  2 draconian shifters
  3 draconian zealots
  4 curse skulls
  4 emperor scorpions (Spider:4)
  18 vault wardens
  2 draconian annihilators
  9 ironheart preservers
  A ghoul (Vaults:2)
  18 large abominations
  5 spriggan defenders
  73 reapers
  11 vampire knights
  8 war gargoyles
  A caustic shrike skeleton (Depths:2)
  10 very ugly things
  26 stone giants
  3 draconian callers
  4 elemental wellsprings
  3 purple draconians
  10 bennus
  2 salamander stormcallers
  8 black draconians
  11 deep elf demonologists
  8 red draconians
  6 green draconians
  4 mottled draconians
  Azrael (D:12)
  5 salamander firebrands
  18 deep elf annihilators
  The ghost of Rayvis the Fighter, a powerful MiFi of Okawaru (Lair:1)
  9 yellow draconians
  7 white draconians
  9 blizzard demons
  13 ettins
  2 eidola
  A merfolk javelineer (Depths:5)
  12 fire dragons
  5 quicksilver dragon zombies
  13 death oozes
  A great orb of eyes (shapeshifter) (D:15)
  3 crystal guardians (Crypt:3)
  A minotaur (Lab)
  19 mummy priests
  9 jiangshi
  29 vault guards
  4 kraken zombies
  The ghost of matakusis the Basher, a powerful DsBe of Trog (Orc:4)
  3 deep elf death magi
  29 great orbs of eyes
  7 deep elf high priests
  The ghost of PeterLawrence the Fighter, a powerful GrFi of Okawaru (Lair:1)
  3 ghost crabs
  6 quicksilver dragon skeletons
  17 yaktaur captains
  Harold (Orc:2)
  20 ice dragons
  9 entropy weavers
  7 spriggan air magi
  4 death cobs
  19 hydras
  5 rakshasas
  15 centaur warriors
  An entropy weaver (shapeshifter) (Depths:1)
  2 death knights
  A satyr (shapeshifter) (Depths:4)
  13 alligators
  22 dancing weapons
  4 deep troll earth magi
  17 ogre magi
  5 tengu warriors
  4 catoblepae
  2 satyrs (Depths:2)
  A shock serpent (shapeshifter) (Depths:4)
  4 vampire magi
  9 death yaks (Lair:8)
  10 titan zombies
  19 hell hogs
  6 deep troll shamans
  4 spriggan berserkers
  3 orc high priests
  Urug (D:15)
  21 sun demons
  5 iron golems
  Sonja (Orc:2)
  Nergalle (Lair:1)
  17 deep elf knights
  17 small abominations
  25 soul eaters
  3 salamander mystics
  7 storm dragon zombies
  40 death scarabs
  10 titan skeletons
  15 flayed ghosts
  20 shadow demons
  A fire crab (shapeshifter) (WizLab)
  5 golden dragon zombies
  16 iron trolls
  6 shadow wraiths
  21 hell knights
  3 swamp dragons (Swamp:2)
  A storm dragon skeleton (Coc:1)
  2 death drakes (shapeshifter) (Vaults:4)
  106 skeletal warriors
  28 ice devils
  8 anaconda zombies
  5 ghost moth zombies
  19 deep trolls
  21 phantasmal warriors
  3 spriggan druids
  A death drake (Swamp:4)
  9 deep elf summoners
  4 ice statues
  A golden dragon skeleton (Tar:7)
  8 giant orange brains
  9 hill giants
  8 shadow dragon zombies
  Pikel (D:4)
  15 deep elf conjurers
  42 anubis guards
  5 anaconda skeletons
  9 orc knights
  18 ironbrand convokers
  9 unseen horrors
  2 shambling mangroves (Swamp:3)
  18 orb spiders
  60 ugly things
  3 wizards
  A griffon (Vaults:1)
  8 harpies
  6 wolf spider zombies
  15 hornets
  29 wolf spiders
  A sphinx zombie (Crypt:2)
  A mana viper (shapeshifter) (Vaults:5)
  6 shining eyes
  4 cyclopes
  5 fauns (Depths:2)
  6 iron dragon zombies
  4 fire giant zombies
  19 necromancers
  2 manticores (shapeshifter)
  10 salamanders
  3 hornets (shapeshifter)
  5 stone giant zombies
  2 shadow dragon skeletons
  9 frost giant zombies
  A salamander (shapeshifter) (Vaults:2)
  4 iron dragon skeletons
  2 manticores
  2 guardian serpents (shapeshifter)
  5 orc sorcerers
  2 water nymphs (Depths:2)
  4 stone giant skeletons
  5 molten gargoyles
  16 vault sentinels
  5 dire elephant zombies
  4 eyes of devastation
  6 frost giant skeletons
  17 moths of wrath
  An octopode (shapeshifter) (WizLab)
  3 shock serpent zombies
  3 fire giant skeletons
  7 black mambas
  50 rust devils
  A torpor snail (shapeshifter) (Depths:3)
  A spiny frog (shapeshifter) (WizLab)
  20 hellions
  2 storm dragon simulacra (Coc:7)
  2 shock serpent skeletons
  A titan simulacrum (Coc:7)
  2 smoke demons
  16 spectral swamp worms
  15 spiny frogs
  41 yaktaurs
  2 black mambas (shapeshifter)
  5 dire elephant skeletons
  A red draconian zombie (Crypt:1)
  A white draconian zombie (Zot:1)
  2 green draconian zombies
  A kobold demonologist (Vaults:3)
  A gargoyle (D:10)
  40 tormentors
  3 fire drakes
  4 swamp worm zombies (Swamp:4)
  5 efreet
  4 catoblepas zombies
  A spriggan zombie (Hell)
  An anaconda simulacrum (Coc:7)
  14 demonic crawlers
  15 komodo dragons
  3 fire drakes (shapeshifter)
  39 guardian mummies
  23 red devils
  6 tengu conjurers
  26 blue devils
  3 silent spectres (Tar:7)
  23 hydra zombies
  24 jumping spiders
  A polar bear (Lair:5)
  28 deep elf priests
  25 freezing wraiths
  4 harpy zombies
  4 trolls
  3 giant leeches
  3 two-headed ogres (shapeshifter) (WizLab)
  The ghost of EmperorPingu0 the Skirmisher, an average HuFi of the Shining One (D:3)
  A queen bee (Lair:5)
  13 bog bodies
  Prince Ribbit (D:9)
  A moth of wrath zombie (Crypt:2)
  2 harpy skeletons
  6 ettin zombies
  5 boulder beetles
  A frost giant simulacrum (Depths:2)
  A raiju (shapeshifter) (Depths:4)
  22 two-headed ogres
  9 hydra skeletons
  14 alligator zombies
  154 slime creatures
  7 ice dragon zombies
  3 blink frogs (shapeshifter)
  A hornet zombie (D:13)
  5 black mamba zombies
  6 fire dragon zombies
  7 ushabtiu
  12 trapdoor spiders
  17 blink frogs
  37 deep elf magi
  6 ice dragon skeletons
  A dire elephant simulacrum (Hell)
  5 alligator skeletons
  A tarantella (shapeshifter) (Elf:2)
  2 centaur simulacra (D:15)
  3 fire dragon skeletons
  2 basilisks
  21 shadows
  4 ettin skeletons
  131 flying skulls
  17 vampires
  49 redbacks
  2 trapdoor spiders (shapeshifter)
  37 deep elf fighters
  3 fire bats (Depths:3)
  26 fire elementals
  14 tarantellas
  A basilisk (shapeshifter) (WizLab)
  A black mamba skeleton (Geh:4)
  15 water elementals
  8 air elementals (Depths:4)
  3 wyverns
  A golden eye (shapeshifter) (Elf:3)
  A redback (shapeshifter) (WizLab)
  33 wraiths
  68 yaks
  17 hippogriffs
  A human (shapeshifter) (Vaults:2)
  12 spriggans
  26 golden eyes
  3 mottled dragons
  15 vampire mosquitoes
  4 spatial vortices
  2 hippogriffs (shapeshifter)
  A gelid demonspawn zombie (Crypt:2)
  4 hungry ghosts
  3 wargs
  Menkaure (D:5)
  4 human zombies
  A chaos spawn (Depths:4)
  A merfolk zombie (Dis:6)
  21 swamp worms
  Edmund (D:6)
  3 hydra simulacra
  14 water moccasins
  42 hell hounds
  2 soldier ants (shapeshifter)
  17 insubstantial wisps
  A soldier ant (D:8)
  12 spiny frog zombies
  A merfolk skeleton (Tar:2)
  7 swamp drakes
  11 porcupines
  20 ice beasts
  56 orc warriors
  21 wasps
  15 spiders
  25 boggarts
  An ettin simulacrum (Hell)
  A fire dragon simulacrum (Hell)
  A black bear (D:8)
  23 necrophages
  2 spiny frog skeletons
  9 eyes of draining
  2 sky beasts
  12 phantoms
  4 swamp dragon zombies
  10 snapping turtle zombies
  5 manticore zombies
  A manticore skeleton (Geh:7)
  2 eyes of draining (shapeshifter)
  A lindwurm skeleton (Crypt:2)
  4 snapping turtle skeletons
  66 ogres
  19 centaurs
  20 crocodiles
  A big kobold (shapeshifter) (Depths:1)
  17 big kobolds
  A brain worm (shapeshifter) (WizLab)
  10 giant frogs
  A gnoll sergeant (D:11)
  An elf skeleton (Crypt:3)
  A warg zombie (Crypt:2)
  30 killer bees
  2 scorpions
  A troll zombie (Crypt:3)
  A raiju skeleton (Crypt:1)
  9 electric eels
  A swamp dragon simulacrum (Tar:7)
  9 crimson imps
  A troll skeleton (Geh:3)
  6 hounds
  4 centaur zombies
  54 wights
  2 giant frog zombies
  2 quasits
  43 jellies
  A basilisk zombie (Crypt:1)
  34 orc wizards
  2 giant frog skeletons
  30 iron imps
  31 orc priests
  4 centaur skeletons
  5 hell rats (Hell)
  12 iguanas
  Terence (D:3)
  7 worker ants
  A human skeleton (Tar:7)
  A spectral swamp drake (Swamp:4)
  A giant frog simulacrum (D:10)
  19 sheep
  2 naga zombies
  A mottled dragon zombie (Crypt:2)
  A hound skeleton (D:11)
  73 mummies
  An adder (shapeshifter) (Depths:4)
  83 river rats
  2 swamp drake zombies (Swamp:4)
  21 adders
  10 gnolls
  A swamp drake skeleton (Crypt:1)
  21 shadow imps
  A steam dragon skeleton (Crypt:1)
  11 white imps
  3 giant eyeballs (WizLab)
  8 oozes
  An adder zombie (D:6)
  An iguana skeleton (Crypt:1)
  An adder skeleton (D:7)
  2 worms (D:3)
  164 orcs
  2 bat skeletons
  A bat zombie (D:8)
  6 giant cockroaches
  10 goblins
  12 hobgoblins
  5 jackals
  2 quokkas
  2 ball pythons
  A ball python skeleton (Crypt:2)
  13 bats
  5 giant geckos
  A giant gecko zombie (D:5)
  2 giant newts
  46 kobolds
  2 orc zombies
  A quokka skeleton (D:5)
  12 rats
  2 briar patches
  5 crawling corpses
  A fungus (Elf:1)
  2 lost souls (Crypt:3)
  A plant (Swamp:4)
  9 tentacles
  A tentacle segment (Coc:3)
4650 creatures vanquished.

Vanquished Creatures (collateral kills)
  3 Brimstone Fiends
  An Ice Fiend (Dis:7)
  A Shadow Fiend (Tar:7)
  A dancing weapon (Elf:2)
  3 hell hogs (Geh:7)
  A ghost moth zombie (Geh:7)
  2 spectral hydras (Swamp:4)
  An anubis guard (Tomb:1)
  A wolf spider zombie (Dis:7)
  4 slime creatures (Slime:1)
  A necromancer (Vaults:4)
  A dire elephant zombie (Dis:7)
  An eye of devastation (Slime:1)
  A tormentor (Dis:7)
  3 red devils (Geh:7)
  3 hydra zombies (Swamp:4)
  3 spectral swamp dragons (Swamp:4)
  4 hell hounds (Geh:7)
  3 orc warriors (Elf:2)
  2 jellies (Slime:1)
  An iron imp (Dis:7)
  3 mummies (Tomb:1)
44 creatures vanquished.

Vanquished Creatures (others)
  3 eldritch tentacles
  A blizzard demon (Coc:2)
  A death yak (Lair:8)
  2 ogre magi
  A death scarab (Tomb:2)
  2 deep trolls (Vaults:4)
  A deep elf knight (Elf:3)
  An anubis guard (Tomb:2)
  A stone giant zombie (Dis:7)
  A deep elf conjurer (Elf:1)
  A titan simulacrum (Tomb:2)
  A dire elephant zombie (Dis:7)
  A red devil (Hell)
  A deep elf priest (Elf:3)
  An ettin zombie (Tomb:2)
  2 deep elf magi
  11 flying skulls
  A deep elf fighter (Depths:4)
  2 insubstantial wisps (Swamp:4)
  A phantom (Swamp:4)
  An ogre (Depths:1)
  A scorpion (D:12)
  4 wights
  An orc wizard (Vaults:4)
  2 orc priests (Elf:3)
  An ooze (Lair:6)
  A giant eyeball (WizLab)
  An orc zombie (Geh:2)
  A briar patch (Swamp:2)
  371 eldritch tentacle segments
  A fire vortex (Vaults:4)
  6 fungi
  12 lost souls
  8 plants
  17 tentacles
  722 tentacle segments
1186 creatures vanquished.

Grand Total: 5880 creatures vanquished

Notes
Turn   | Place    | Note
--------------------------------------------------------------
     0 | D:1      | Fluffy the Minotaur Fighter began the quest for the Orb.
     0 | D:1      | Reached XP level 1. HP: 19/19 MP: 0/0
   271 | D:1      | Reached XP level 2. HP: 14/27 MP: 1/1
   425 | D:1      | Reached skill level 4 in Shields
   724 | D:2      | Found a shattered altar of Ashenzari.
   751 | D:2      | Reached XP level 3. HP: 18/33 MP: 2/2
  1573 | D:3      | Noticed EmperorPingu0's ghost (average HuFi)
  1585 | D:2      | Reached XP level 4. HP: 9/40 MP: 3/3
  1914 | D:3      | Noticed Terence
  1929 | D:3      | Killed Terence
  2000 | D:3      | Found an iron altar of Okawaru.
  2017 | D:3      | Found a bloodstained altar of Trog.
  2095 | D:3      | Killed EmperorPingu0's ghost
  2095 | D:3      | Reached skill level 5 in Fighting
  2095 | D:3      | Reached skill level 5 in Armour
  2095 | D:3      | Reached skill level 5 in Shields
  2095 | D:3      | Reached XP level 5. HP: 24/48 MP: 4/4
  2095 | D:3      | Reached XP level 6. HP: 28/56 MP: 5/5
  2611 | D:4      | Found a deep blue altar of Sif Muna.
  2862 | D:4      | Reached skill level 5 in Maces & Flails
  2965 | D:4      | Reached XP level 7. HP: 56/61 MP: 6/6
  3011 | D:4      | Noticed Pikel
  3030 | D:4      | Killed Pikel
  3030 | D:4      | Reached skill level 6 in Fighting
  3254 | D:4      | Reached XP level 8. HP: 68/71 MP: 7/7
  3420 | D:5      | Entered Level 5 of the Dungeon
  3440 | D:5      | Noticed Menkaure
  3446 | D:5      | Killed Menkaure
  3446 | D:5      | Reached skill level 7 in Armour
  3648 | D:5      | Found Ixenac's Magic Scroll Emporium.
  3728 | D:5      | Found Culillos's Book Boutique.
  3827 | D:5      | Found a staircase to the Ecumenical Temple.
  3835 | Temple   | Entered the Ecumenical Temple
  3956 | Temple   | Became a worshipper of the Shining One
  4043 | D:5      | Found Judasch's Assorted Antiques.
  4072 | D:5      | Found Ciczets's Antique Armour Boutique.
  4114 | D:5      | Found Kivuig's Weapon Emporium.
  4137 | D:5      | Found a snail-covered altar of Cheibriados.
  4224 | D:5      | Reached skill level 1 in Invocations
  4226 | D:5      | Found a stormy altar of Qazlal.
  4431 | D:6      | Noticed Edmund
  4457 | D:6      | Killed Edmund
  4576 | D:6      | Found a burning altar of Makhleb.
  4821 | D:6      | Reached XP level 9. HP: 71/79 MP: 9/9
  5128 | D:7      | Found an ancient bone altar of Kikubaaqudgha.
  5311 | D:7      | Reached skill level 8 in Armour
  5621 | D:7      | Acquired the Shining One's first power
  6414 | D:8      | Found Tootrel's Food Shoppe.
  6768 | D:8      | Reached skill level 9 in Fighting
  6775 | D:8      | Reached XP level 10. HP: 80/91 MP: 12/12
  7175 | D:9      | Noticed a green ugly thing
  7175 | D:9      | Acquired the Shining One's second power
  7186 | D:8      | Killed a green ugly thing
  7493 | D:9      | Noticed Prince Ribbit
  7590 | D:9      | Reached skill level 5 in Invocations
  7651 | D:9      | Killed Prince Ribbit
  7870 | D:9      | Reached skill level 10 in Shields
  7886 | D:9      | Reached skill level 10 in Fighting
  8082 | D:9      | Found a shimmering altar of Xom.
  8094 | D:9      | Found a shimmering altar of Xom.
  8094 | D:9      | Found a shimmering altar of Xom.
  8095 | D:9      | Found a shimmering altar of Xom.
  8095 | D:9      | Found a shimmering altar of Xom.
  8188 | D:9      | Found a sparkling altar of Nemelex Xobeh.
  8251 | D:9      | Found a shadowy altar of Dithmenos.
  8291 | D:9      | Reached skill level 10 in Maces & Flails
  8403 | D:10     | Entered Level 10 of the Dungeon
  8431 | D:10     | Reached skill level 10 in Armour
  8620 | D:10     | Reached XP level 11. HP: 39/99 MP: 14/14
  8937 | D:10     | Found a staircase to the Lair.
  9160 | D:10     | Identified a scroll of acquirement
  9161 | D:10     | Got a crude cloak
  9172 | D:10     | Identified the +1 cloak of Duty {rF- MR+ Regen+} (You acquired it on level 10 of the Dungeon)
  9259 | D:10     | Noticed an ogre mage
  9259 | D:10     | Noticed a cyclops
  9259 | D:10     | Noticed a yaktaur captain
  9270 | D:10     | Killed a yaktaur captain
  9277 | D:10     | Killed a cyclops
  9283 | D:10     | Killed an ogre mage
  9305 | D:10     | Got a glittering iron ring
  9307 | D:10     | Identified the ring "Zodiox" {rPois rF+ MR++ Slay+5} (You found it on level 10 of the Dungeon)
  9598 | D:5      | Bought a warped plate armour for 504 gold pieces
  9609 | D:5      | Identified the +9 plate armour of Feasting {rCorr Str+3} (You bought it in a shop on level 5 of the Dungeon)
  9762 | Lair:1   | Entered Level 1 of the Lair of Beasts
  9810 | Lair:1   | Noticed Nergalle
  9820 | Lair:1   | Killed Nergalle
  9941 | Lair:1   | Noticed PeterLawrence's ghost (powerful GrFi)
  9960 | Lair:1   | HP: 2/101 [PeterLawrence's ghost (5)]
  9962 | Lair:1   | Killed PeterLawrence's ghost
  9962 | Lair:1   | Reached skill level 11 in Shields
 10107 | Lair:1   | Noticed Rayvis's ghost (powerful MiFi)
 10269 | Lair:1   | Killed Rayvis's ghost
 10298 | Lair:1   | Noticed a seven-headed hydra
 10308 | Lair:1   | Killed a seven-headed hydra
 10479 | Lair:1   | Reached XP level 12. HP: 103/110 MP: 16/16
 10871 | Lair:2   | Noticed a five-headed hydra
 10886 | Lair:2   | Killed a five-headed hydra
 10940 | Lair:2   | Gained mutation: You are partially covered in thin metallic scales (AC +2). [potion of beneficial mutation]
 10966 | Lair:2   | Noticed a six-headed hydra
 10972 | Lair:2   | Killed a six-headed hydra
 11417 | Lair:2   | Reached skill level 12 in Armour
 11839 | Lair:3   | Found a frozen archway.
 11869 | IceCv    | Entered an ice cave
 11946 | IceCv    | Acquired the Shining One's third power
 12001 | Lair:3   | Noticed an eight-headed hydra
 12011 | Lair:3   | Killed an eight-headed hydra
 12207 | Lair:3   | Found a staircase to the Swamp.
 12224 | Lair:3   | Reached XP level 13. HP: 112/118 MP: 18/18
 12375 | Lair:3   | Noticed a six-headed hydra
 12383 | Lair:3   | Killed a six-headed hydra
 12863 | Lair:4   | Reached skill level 13 in Shields
 13301 | Lair:4   | Found a hole to the Spider Nest.
 14391 | Lair:5   | Found a hole to the Spider Nest.
 14506 | Lair:5   | Reached skill level 14 in Shields
 15019 | Lair:6   | Found a staircase to the Slime Pits.
 15337 | Lair:7   | Found a labyrinth entrance.
 15346 | Lab      | Entered a labyrinth
 15611 | Lab      | Identified the Papyrus of Summoning and the Mountains
 15614 | Lab      | Identified the Guide on Hexes
 16040 | Lair:7   | Reached XP level 14. HP: 129/129 MP: 20/20
 16441 | Lair:8   | Entered Level 8 of the Lair of Beasts
 16448 | Lair:8   | Got a fine golden amulet
 16450 | Lair:8   | Identified the amulet "Maul" {Ward +Blink rPois rN+ Str-4 Int+4} (You found it on level 8 of the Lair of Beasts)
 16660 | Lair:8   | Reached skill level 15 in Shields
 16764 | Lair:8   | Noticed an azure jelly
 16773 | Lair:8   | Reached skill level 10 in Invocations
 16795 | Lair:8   | Killed an azure jelly
 16995 | Lair:8   | Acquired the Shining One's fourth power
 17005 | Lair:8   | Noticed an azure jelly
 17015 | Lair:8   | Killed an azure jelly
 17452 | Lair:8   | Reached skill level 16 in Shields
 18453 | D:11     | Found a staircase to the Orcish Mines.
 18577 | D:11     | Reached XP level 15. HP: 124/139 MP: 22/22
 18602 | D:11     | Found Buirra's Antique Armour Boutique.
 19104 | Orc:1    | Entered Level 1 of the Orcish Mines
 19139 | Orc:1    | Found Ogefiw's Magic Scroll Shop.
 19542 | Orc:2    | Noticed Harold
 19555 | Orc:2    | Killed Harold
 19607 | Orc:2    | Noticed Sonja
 19624 | Orc:2    | Killed Sonja
 19670 | Orc:2    | Noticed Maud
 19680 | Orc:2    | Killed Maud
 20419 | Orc:4    | Entered Level 4 of the Orcish Mines
 20419 | Orc:4    | Found a staircase to the Elven Halls.
 20507 | Orc:4    | Found a roughly hewn altar of Beogh.
 20519 | Orc:4    | Reached skill level 15 in Armour
 20524 | Orc:4    | Found Opneox's Weapon Emporium.
 20688 | Orc:4    | Found a roughly hewn altar of Beogh.
 20702 | Orc:4    | Found Unuib's Antique Armour Boutique.
 20735 | Orc:4    | Noticed matakusis's ghost (powerful DsBe)
 20760 | Orc:4    | Killed matakusis's ghost
 20760 | Orc:4    | Reached skill level 17 in Shields
 21228 | Orc:4    | Found Dutiy's Antique Armour Shop.
 21306 | Orc:4    | Found Buesixky's Antique Weapon Boutique.
 21307 | Orc:4    | Found a roughly hewn altar of Beogh.
 21383 | Orc:4    | Found a roughly hewn altar of Beogh.
 21420 | Orc:4    | Found a roughly hewn altar of Beogh.
 21660 | Orc:4    | Bought a transparent morningstar for 189 gold pieces
 21661 | Orc:4    | Identified the cursed +1 morningstar of Soduoh {drain, *Confuse MP+9 Dex+3} (You bought it in a shop on level 4 of the Orcish Mines)
 21751 | Orc:4    | Bought a pair of faintly humming gloves for 285 gold pieces
 21762 | Orc:4    | Identified the cursed +0 pair of gloves "Gykhleli" {rElec rF+} (You bought it in a shop on level 4 of the Orcish Mines)
 21764 | Orc:4    | Bought an encrusted plate armour for 840 gold pieces
 21775 | Orc:4    | Identified the +0 plate armour "Init" {rF+ Str+3} (You bought it in a shop on level 4 of the Orcish Mines)
 21918 | D:12     | Reached skill level 15 in Maces & Flails
 22678 | D:12     | Noticed Azrael
 22713 | D:12     | Killed Azrael
 23168 | D:13     | Found a gate to the Vaults.
 23513 | D:13     | Found a sacrificial altar of Ru.
 24081 | D:14     | Reached skill level 15 in Fighting
 24140 | D:14     | Found Voynutz's Demolitions Depot.
 25047 | D:15     | Entered Level 15 of the Dungeon
 25175 | D:15     | Noticed Urug
 25186 | D:15     | Killed Urug
 25491 | D:15     | Reached skill level 18 in Shields
 25516 | D:15     | Found a staircase to the Depths.
 25691 | D:15     | Got a steaming silver amulet
 25693 | D:15     | Identified the amulet "Edghunn" {rMut +Fly Str-4 Stlth+} (You found it on level 15 of the Dungeon)
 25836 | D:15     | Reached XP level 16. HP: 125/149 MP: 24/24
 26496 | Spider:1 | Entered Level 1 of the Spider Nest
 26504 | Spider:1 | Got a scorched copper ring
 26506 | Spider:1 | Identified the ring "Kixzat" {Ice +Blink} (You found it on level 1 of the Spider Nest)
 29332 | Spider:4 | Entered Level 4 of the Spider Nest
 29922 | Spider:4 | Reached skill level 19 in Shields
 30333 | Spider:4 | Reached XP level 17. HP: 101/158 MP: 0/25
 31102 | Spider:4 | Got a gossamer rune of Zot
 31414 | Swamp:1  | Entered Level 1 of the Swamp
 33720 | Swamp:4  | Entered Level 4 of the Swamp
 34235 | Swamp:4  | Noticed Nikola
 34247 | Swamp:4  | Killed Nikola
 34547 | Swamp:4  | Reached XP level 18. HP: 170/170 MP: 27/27
 34762 | Swamp:4  | Noticed a bone dragon
 34781 | Swamp:4  | Killed a bone dragon
 34846 | Swamp:4  | Got a decaying rune of Zot
 35535 | Elf:1    | Entered Level 1 of the Elven Halls
 35997 | Elf:1    | Reached skill level 20 in Shields
 36789 | Elf:2    | Found a runed gate.
 36789 | Elf:2    | Found a runed gate.
 36792 | Elf:2    | Found a runed gate.
 37011 | Elf:2    | Noticed Asterion
 37087 | Elf:2    | Killed Asterion
 37502 | Elf:2    | Noticed Saint Roka
 37776 | Elf:2    | Killed Saint Roka
 37994 | Elf:3    | Entered Level 3 of the Elven Halls
 38139 | Elf:3    | Reached XP level 19. HP: 136/171 MP: 29/29
 38323 | Elf:3    | Reached skill level 15 in Invocations
 39104 | Elf:3    | Reached skill level 21 in Shields
 39438 | Elf:3    | Got a faintly glowing garnet amulet
 39440 | Elf:3    | Identified the amulet of Jakemm {Clar *Drain rPois rN++ Dex-4} (You found it on level 3 of the Elven Halls)
 39453 | Elf:3    | Identified a +8 rod of clouds (9/9) (You found it on level 3 of the Elven Halls)
 39461 | Elf:3    | Got a wavering glass ring
 39463 | Elf:3    | Identified the ring "Ycseom" {Ice Str+5 Dex-4 Slay+5} (You found it on level 3 of the Elven Halls)
 39471 | Elf:3    | Identified Kaubemum's Disquisition on Curses (You found it on level 3 of the Elven Halls)
 39570 | Elf:3    | Got a coiled amber ring
 39572 | Elf:3    | Identified the ring of Haamyi {rPois Str+5 Dex+2} (You found it on level 3 of the Elven Halls)
 39581 | Elf:3    | Identified the Volume of Destructive Intoxication
 40121 | Vaults:1 | Entered Level 1 of the Vaults
 40658 | Vaults:1 | Reached XP level 20. HP: 189/189 MP: 30/30
 40752 | Vaults:1 | Noticed Jorgrun
 40767 | Vaults:1 | Killed Jorgrun
 40970 | Vaults:1 | Found Yjiy's Magic Scroll Emporium.
 40980 | Vaults:1 | Bought a scroll of teleportation for 63 gold pieces
 40980 | Vaults:1 | Bought a scroll of blinking for 157 gold pieces
 40980 | Vaults:1 | Bought a scroll of teleportation for 63 gold pieces
 40980 | Vaults:1 | Bought a scroll of teleportation for 63 gold pieces
 41971 | Vaults:2 | Found a staircase to the Crypt.
 42498 | Crypt:1  | Entered Level 1 of the Crypt
 43735 | Vaults:3 | Found Kair's General Store.
 44009 | Vaults:3 | Reached XP level 21. HP: 182/200 MP: 32/32
 44509 | Vaults:4 | Found a magical portal.
 44521 | WizLab   | Entered Cigotuvi's Fleshworks
 44631 | WizLab   | Reached skill level 22 in Shields
 44971 | WizLab   | Paralysed by a giant eyeball for 3 turns
 44979 | WizLab   | Paralysed by a giant eyeball for 4 turns
 44995 | WizLab   | Paralysed by a giant eyeball for 4 turns
 45006 | WizLab   | Paralysed by a giant eyeball for 2 turns
 45166 | WizLab   | Identified Cigotuvi's Papyrus of Mutagenic Necromancy (You found it in a wizard's laboratory)
 45768 | Vaults:4 | Found Feph's Distillery.
 45772 | Vaults:4 | Bought a potion of heal wounds for 100 gold pieces
 45772 | Vaults:4 | Bought a potion of heal wounds for 100 gold pieces
 45772 | Vaults:4 | Bought a potion of curing for 60 gold pieces
 45800 | Vaults:4 | Noticed Jory
 45821 | Vaults:4 | Killed Jory
 46221 | Vaults:4 | Noticed Margery
 46239 | Vaults:4 | Killed Margery
 46447 | Vaults:4 | Gained mutation: You are partially covered in iridescent scales (AC +4). [potion of beneficial mutation]
 46448 | Vaults:4 | Gained mutation: You can breathe flames. [potion of beneficial mutation]
 46449 | Vaults:4 | Gained mutation: Your system is resistant to poisons. [potion of beneficial mutation]
 47376 | Temple   | Identified a +6 sacred scourge of holy wrath (a +4 demon whip blessed by the Shining One)
 47385 | Temple   | Got a faintly humming shield
 47396 | Temple   | Identified the +1 shield of Minor Irritation {Int+3 Dex+2} (You acquired it in the Ecumenical Temple)
 48550 | Crypt:3  | Entered Level 3 of the Crypt
 48603 | Crypt:3  | Reached XP level 22. HP: 199/211 MP: 33/33
 48946 | Crypt:3  | Found an ancient bone altar of Kikubaaqudgha.
 48946 | Crypt:3  | Noticed an ancient lich
 48962 | Crypt:3  | Killed an ancient lich
 49004 | Crypt:3  | Got a warped amber ring
 49004 | Crypt:3  | Got an ancient copper ring
 49014 | Crypt:3  | Identified the ring "Omuydoi" {*Corrode rF+ rN+ MR+++ Dex-5} (You found it on level 3 of the Crypt)
 49016 | Crypt:3  | Identified the ring "Pausiwi" {*Drain rElec rF++ rN+} (You found it on level 3 of the Crypt)
 49067 | Crypt:3  | Found a staircase to the Tomb.
 49861 | Depths:1 | Entered Level 1 of the Depths
 49988 | Depths:1 | Reached skill level 1 in Dodging
 50128 | Depths:1 | Reached skill level 23 in Shields
 50324 | Depths:1 | Found a gateway to Hell.
 51716 | Depths:2 | Reached XP level 23. HP: 200/221 MP: 34/34
 52061 | Depths:2 | Got a wavering iron ring
 52081 | Depths:2 | Noticed the Enchantress
 52093 | Depths:2 | Killed the Enchantress
 52348 | Depths:3 | Found a one-way gate leading to the halls of Pandemonium.
 52354 | Depths:3 | You fall through a shaft for 2 floors!
 52354 | Depths:5 | Entered Level 5 of the Depths
 52552 | Depths:5 | Reached skill level 5 in Dodging
 52813 | Depths:5 | Identified the ring "Mepyt" {rF- MP+9 Str+8 Stlth+} (You took it off a spriggan air mage on level 2 of the Depths)
 53585 | Depths:3 | Found a portal to a secret trove of treasure.
 53863 | Depths:3 | Found a shimmering altar of Xom.
 54227 | Depths:3 | Got a crystal mace
 54228 | Depths:3 | Identified the +4 mace of the Shark {elec, +Inv rF- MR+ Dex+4} (You found it on level 3 of the Depths)
 54584 | Depths:4 | Reached XP level 24. HP: 178/231 MP: 35/35
 55128 | Depths:4 | Reached skill level 24 in Shields
 55738 | Depths:4 | Upgraded the game from 0.17-a0-1450-g7e755d1 to 0.17-a0-1468-gbf503c2
 55853 | Depths:4 | Identified a +4 rod of clouds (9/9) (You found it on level 4 of the Depths)
 56008 | Depths:4 | Found a one-way gate to the infinite horrors of the Abyss.
 56221 | Depths:5 | Found Xietew's Assorted Antiques.
 56365 | Depths:5 | Found a gate to the Realm of Zot.
 56471 | Depths:5 | Reached skill level 10 in Dodging
 56899 | Depths:5 | Found a gateway to a ziggurat.
 56932 | Depths:5 | Reached XP level 25. HP: 215/240 MP: 35/35
 57731 | Tomb:1   | Entered Level 1 of the Tomb of the Ancients
 57910 | Tomb:1   | Noticed Frederick
 57921 | Tomb:1   | Killed Frederick
 58530 | Tomb:2   | Noticed an ancient lich
 58722 | Tomb:1   | Killed an ancient lich
 60465 | Tomb:1   | Reached skill level 25 in Shields
 60682 | Tomb:1   | Reached XP level 26. HP: 158/239 MP: 35/35
 61394 | Tomb:1   | Noticed Boris
 61744 | Tomb:1   | Killed Boris
 62366 | Tomb:3   | Entered Level 3 of the Tomb of the Ancients
 62394 | Tomb:3   | Noticed an ancient lich
 62421 | Tomb:2   | Killed an ancient lich
 63614 | Tomb:3   | Identified Afifam's Papyrus of Hexes
 63632 | Tomb:3   | Got a jewelled chain mail
 63638 | Tomb:3   | Got a smoking plate armour
 63667 | Tomb:3   | Identified the cursed +1 chain mail "Gaef" {SInv} (You found it on level 3 of the Tomb of the Ancients)
 63679 | Tomb:3   | Identified the +3 plate armour of the Buccaneer {rF+ rC+ Stlth+} (You found it on level 3 of the Tomb of the Ancients)
 63683 | Tomb:3   | Got a dazzling eveningstar
 63684 | Tomb:3   | Identified the +6 eveningstar of Midwinter {venom, Str+2 Dex+3 SInv} (You found it on level 3 of the Tomb of the Ancients)
 63689 | Tomb:3   | Got a flickering glass ring
 63691 | Tomb:3   | Identified the ring of Gikoow {Wiz rF+ Int+2 Dex-3} (You found it on level 3 of the Tomb of the Ancients)
 63768 | Tomb:3   | Noticed an ancient lich
 63777 | Tomb:3   | Killed an ancient lich
 63948 | Tomb:3   | Reached XP level 27. HP: 206/251 MP: 36/36
 63988 | Tomb:3   | Got a golden rune of Zot
 64257 | Tomb:3   | Got a bloodstained buckler
 64268 | Tomb:3   | Identified the +3 buckler of Philately {rF+ rCorr Int+3} (You found it on level 3 of the Tomb of the Ancients)
 64284 | Tomb:3   | Got an ichor-stained scale mail
 64295 | Tomb:3   | Identified the +0 scale mail "Relicama" {rF++ Str-3 Dex+6} (You found it on level 3 of the Tomb of the Ancients)
 65264 | Zot:1    | Entered Level 1 of the Realm of Zot
 65654 | Zot:1    | Got a faintly humming scale mail
 65665 | Zot:1    | Identified the cursed +0 scale mail of the Townfolk {MP+9} (You found it on level 1 of the Realm of Zot)
 66951 | Zot:2    | Got an ancient cloak
 66962 | Zot:2    | Identified the +2 cloak "Utwoumup" {Int+6} (You found it on level 2 of the Realm of Zot)
 67256 | Zot:2    | Reached skill level 26 in Shields
 68544 | Zot:3    | Got a dazzling plate armour
 68555 | Zot:3    | Identified the +3 plate armour of Wuxtaczawud {rC- Str+5} (You found it on level 3 of the Realm of Zot)
 69251 | Zot:4    | Reached skill level 15 in Dodging
 70399 | Vaults:5 | Entered Level 5 of the Vaults
 71316 | Vaults:5 | Identified the Tome of Boosts and Feathers
 71321 | Vaults:5 | Got a silver rune of Zot
 72294 | Vaults:5 | Got a shimmering ivory ring
 72296 | Vaults:5 | Identified the ring "Ishid" {*Corrode rF+ Int+10 Slay+4} (You took it off a vault warden on level 5 of the Vaults)
 72553 | Vaults:5 | Got a steaming chain mail
 72564 | Vaults:5 | Identified the +3 chain mail "Omuoh" {rC+ MR+ Int+2 Stlth+} (You found it on level 5 of the Vaults)
 73402 | Slime:1  | Entered Level 1 of the Pits of Slime
 73431 | Slime:1  | Found a viscous altar of Jiyva.
 73642 | Slime:1  | Reached skill level 27 in Shields
 73643 | Slime:1  | The Shining One protects you from harm!
 76196 | Slime:6  | Entered Level 6 of the Pits of Slime
 76216 | Slime:6  | Gained mutation: You occasionally shout uncontrollably at your foes. [a shining eye]
 76641 | Slime:6  | Noticed the royal jelly
 76658 | Slime:6  | Killed the royal jelly
 77400 | Slime:6  | Identified a +5 rod of shadows (10/10) (You found it on level 6 of the Pits of Slime)
 77408 | Slime:6  | Got an ancient graven amulet
 77410 | Slime:6  | Identified the amulet of Greater Demons {rCorr rF- Str+3} (You found it on level 6 of the Pits of Slime)
 77418 | Slime:6  | Got a pair of steaming boots
 77429 | Slime:6  | Identified the +1 pair of boots of Subjectivity {-Tele rF++ rCorr Dex+4} (You found it on level 6 of the Pits of Slime)
 77433 | Slime:6  | Got a slimy rune of Zot
 77503 | Slime:6  | Got an ichor-stained mace
 77504 | Slime:6  | Identified the +10 mace "Embalmer" {freeze, rC+} (You found it on level 6 of the Pits of Slime)
 78221 | Hell     | Entered the Vestibule of Hell
 78221 | Hell     | Noticed Geryon
 78349 | Hell     | Killed Geryon
 78463 | Hell     | Noticed Murray
 78676 | Depths:1 | Killed Murray
 78922 | Hell     | Found a gateway to the decaying netherworld of Tartarus.
 79006 | Hell     | Found a gateway to the freezing wastes of Cocytus.
 79086 | Hell     | Found a gateway to the Iron City of Dis.
 79282 | Hell     | Found a gateway to the ashen valley of Gehenna.
 79421 | Tar:1    | Entered Level 1 of Tartarus
 79879 | Tar:7    | Entered Level 7 of Tartarus
 81147 | Tar:7    | Noticed an ancient lich
 81156 | Tar:7    | Noticed the Serpent of Hell
 81163 | Tar:7    | Killed an ancient lich
 81180 | Tar:7    | Killed the Serpent of Hell
 81180 | Tar:7    | Reached skill level 27 in Maces & Flails
 81358 | Tar:7    | Noticed Ereshkigal
 81359 | Tar:7    | Reached skill level 27 in Fighting
 81434 | Tar:7    | Killed Ereshkigal
 81758 | Tar:7    | Reached skill level 27 in Armour
 82572 | Tar:7    | Got a bone rune of Zot
 82574 | Tar:7    | Identified Xoohickun's Disquisition on Warped Transformation
 82790 | Geh:1    | Entered Level 1 of Gehenna
 83019 | Geh:2    | HP: 12/268 [??? (4)]
 83026 | Geh:2    | HP: 11/268 [??? (4)]
 84699 | Geh:7    | Entered Level 7 of Gehenna
 85511 | Geh:7    | Noticed Asmodeus
 85904 | Geh:7    | Killed Asmodeus
 85973 | Geh:7    | Got an obsidian rune of Zot
 86430 | Geh:7    | Got a crude chain mail
 86435 | Geh:7    | Got a pitted lead amulet
 86453 | Geh:7    | Identified the +5 chain mail of the Three Wishes {+Fly Int+3 SInv Stlth+} (You found it on level 7 of Gehenna)
 86468 | Geh:7    | Identified the amulet "Sawna" {Spirit *Contam MR+ SInv} (You found it on level 7 of Gehenna)
 86704 | Hell     | Got a bloodstained cloak
 86715 | Hell     | Identified the +0 cloak of Izxockux {Regen+ Int+3} (You acquired it in the Vestibule of Hell)
 86789 | Dis:1    | Entered Level 1 of the Iron City of Dis
 89076 | Dis:7    | Entered Level 7 of the Iron City of Dis
 90112 | Dis:7    | Identified Lehudib's Grimoire of Attacks and Heat
 90121 | Dis:7    | Identified Jeloff's Grimoire of Snow
 90126 | Dis:7    | Got a spiked chain mail
 90129 | Dis:7    | Identified Sif Muna's Handbook of the World
 90138 | Dis:7    | Identified the Disquisition on Creative Bewitchment
 90170 | Dis:7    | Identified the +0 chain mail of Weavun {Dex+7} (You found it on level 7 of the Iron City of Dis)
 90430 | Dis:7    | Reached skill level 27 in Invocations
 91554 | Dis:7    | Noticed Dispater
 91572 | Dis:7    | Killed Dispater
 91640 | Dis:7    | Got an iron rune of Zot
 91643 | Dis:7    | Got a smoking scale mail
 91656 | Dis:7    | Identified the +0 scale mail of the Untouchables {rC+} (You found it on level 7 of the Iron City of Dis)
 91680 | Dis:7    | Upgraded the game from 0.17-a0-1468-gbf503c2 to 0.17-a0-1479-g4041c36
 91847 | Coc:1    | Entered Level 1 of Cocytus
 93376 | Coc:7    | Entered Level 7 of Cocytus
 93416 | Coc:7    | Reached skill level 27 in Dodging
 93416 | Coc:7    | Reached skill level 1 in Evocations
 93616 | Coc:7    | Reached skill level 5 in Evocations
 93813 | Coc:7    | The Shining One protects you from harm!
 93827 | Coc:7    | HP: 7/271 [shard shrike[the effects of Hell] (16)]
 93829 | Coc:7    | Mangled by a shard shrike

Vault maps used:
D:1:      evilmike_arrival_grusome_pit
D:2:      ashenzari_altar_1
D:3:      nicolae_overflow_hidden_temple, lemuel_doored_altar, first_bread,
          hangedman_decor_push, kennysheep_generic_room_8, uniq_terence
D:4:      lemuel_blue_sif_altar, uniq_pikel
D:5:      lemuel_round_altar, kennysheep_mini_moat,
          minmay_temple_entry_enclosed_plants, serial_shops, shop, shop, shop,
          shop_statue, shop_statue, uniq_menkaure
D:6:      lemuel_coloured_pillars_altar, grunt_decor_one_mirror, uniq_edmund
D:7:      kennysheep_little_box
D:8:      special_room, serial_shops, shop, hangedman_pestilent_swarm
D:9:      nemelex_xobeh_ov_fountains_minmay, xom_shifter_show,
          lemuel_round_altar, uniq_prince_ribbit1
D:10:     lair_0_dummy, minivault_25_ag, st_stairs_12
D:11:     david_orc_4, serial_shops, nicolae_shop_crystal,
          eino_small_chamber_without_monster
D:12:     uniq_azrael
D:13:     erik_vaults_1, nicolae_ru_sacrificial_ziggurat
D:14:     nicolae_blasting_shop
D:15:     grunt_enter_depths_magical_seal, serial_park_square1, uniq_urug
Temple:   circular_temple_pool_8
Lair:1:   uniq_nergalle
Lair:2:   grunt_megastairs_3
Lair:3:   minmay_swamp_entry_swarm, portal_ice_cave_entry_ice_beasts,
          beast_lair_carwin_10, serial_bayou_shore_a
Lair:4:   statuecave_lemuel, spider_nest_entry_funnel_web
Lair:5:   nicolae_spider_entry_tight_spaces
Lair:6:   nicolae_slime_entry_slimehenge
Lair:7:   minmay_lair_venomous_thicket, lab_entry_generic, grunt_megastairs_2
Lair:8:   evilmike_catoblepas_cave, special_room
Swamp:1:  evilmike_swamp_ruin_house_6, infiniplex_staircase_pool
Swamp:2:  evilmike_swamp_ruin_rubble_2
Swamp:3:  evilmike_swamp_ruin_rubble_1
Swamp:4:  swamp_pestilence, swamp_pool2, hangedman_swamp_cone, uniq_nikola
Spider:4: spider_rune_water, nicolae_spider_stair_cavern
Slime:1:  basic_altar
Orc:1:    serial_shops, shop
Orc:2:    minmay_orc_keep, uniq_harold, uniq_maud, uniq_sonja
Orc:3:    nicolae_orc_pool_cavern
Orc:4:    grunt_orc_community_town_hall, grunt_orc_community_big_house_2,
          grunt_orc_community_big_house_2, grunt_orc_community_house_3,
          grunt_orc_community_house_1, grunt_orc_community_house_2,
          grunt_orc_community_house_2, grunt_orc_community_house_1
Elf:1:    kennysheep_underground_church
Elf:2:    uniq_asterion, uniq_saint_roka
Elf:3:    minmay_elf_hall_four_x, lemuel_flame_loot_1
Vaults:1: v_misc_11, v_misc_24, v_misc_1, v_pattern_4, v_misc_24,
          nicolae_vaults_disjoint_gnomons, v_misc_15,
          hangedman_vaults_variations, nicolae_vaults_circle_grid_a,
          vaults_room_fours, v_alt_pattern_1, st_lattice, serial_shops,
          nicolae_shop_waterfront, uniq_jorgrun
Vaults:2: minmay_crypt_entry_simple_plaza, hangedman_vaults_nails,
          nicolae_vaults_twisting_passages, v_misc_26, nicolae_vaults_little_ls,
          v_misc_16, vaults_room_ringed_pool, nicolae_vaults_diagonal_hallway_6
Vaults:3: v_rooms_2, vaults_mumra_lcd, ontoclasm_vaults_twist, v_misc_25,
          grunt_vaults_hallway_short, ontoclasm_vaults_loading_screen,
          v_misc_28, nicolae_vaults_windows_and_doors_thing, v_misc_25,
          v_misc_25, v_pattern_5, nicolae_vaults_mini_display_case,
          ontoclasm_vaults_ligature, v_misc_1, grunt_vaults_hallway_short,
          v_misc_17, serial_shops, nicolae_shop_window_shopping
Vaults:4: nicolae_vaults_alarming, dpeg_vaults_monster_box, v_alt_pattern_1,
          v_misc_26, vaults_standard_mumra_enter_the_diamond,
          vaults_room_grunt_arrival_ludios, v_alt_pattern_6, vaults_room_grid,
          nicolae_vaults_circle_grid_b, ontoclasm_vaults_ring_square, v_misc_14,
          ontoclasm_vaults_fault, vaults_room_hallway, serial_shops, shop,
          infiniplex_enter_wizlab_glasses, uniq_margery, uniq_jory
Crypt:3:  cryptofortress_bobbens
Tomb:1:   uniq_frederick, uniq_boris
Depths:1: serial_co_window_serial, co_window_cross_1, co_window_cross_1,
          co_window_paths_b, co_window_corner_a, co_window_of_opportunity_a,
          co_window_paths_a, co_window_paths_b, co_window_unsneaky_path_a,
          co_window_corner_b, co_window_unsneaky_path_a,
          co_window_unsneaky_path_d, co_window_unsneaky_path_a,
          co_window_corner_b, co_window_4corner_b, co_window_paths_d,
          glass_columns_a, glass_columns_a, glass_columns_a, glass_columns_c,
          glass_columns_b, hell_entry
Depths:2: grunt_forest_end_winery, hangedman_decor_lopped,
          pf_hell_entry_tar_river, serial_bayou_shore_b
Depths:3: cheibrodos_leafed_vault, grunt_pan_entry_sceptre,
          nicolae_trove_entry_crossroad, hell_entry, minmay_misc_feat_roman,
          kennysheep_diamond, kennysheep_generic_room_2, minmay_staircase_bubble
Depths:4: grunt_twisty_corner, roderic_bipointed_swastika,
          minmay_room_of_horrors, hell_entry, grunt_ministairs_11,
          minmay_misc_feat_room, roderic_malta_cross
Depths:5: grunt_twist_and_shout, enter_ziggurat_f, hell_entry, serial_shops,
          nicolae_shop_overgrown_old_shop, roderic_serpentine_path
Dis:1:    hangedman_dis_decor_blocks_talon, hangedman_player_shredder
Dis:7:    dis_st
Geh:2:    lemuel_elevator
Geh:7:    evilmike_geh
Coc:5:    hangedman_elemental_corridor
Coc:7:    coc_old
Tar:2:    hangedman_damned_closets
Tar:6:    lemuel_elevator
Tar:7:    tar_minmay_river
Lab:      nicolae_lab_dead_adventurers
IceCv:    ice_cave_statue_garden_01
WizLab:   wizlab_cigotuvi

Action                   |  1- 3 |  4- 6 |  7- 9 | 10-12 | 13-15 | 16-18 | 19-21 | 22-24 | 25-27 || total
-------------------------+-------+-------+-------+-------+-------+-------+-------+-------+-------++-------
Melee: Flail             |    75 |    99 |   211 |   674 |  1602 |  1505 |       |       |       ||  4166
       Whip              |       |       |   135 |       |       |       |       |       |       ||   135
       Morningstar       |       |       |       |       |       |   133 |  1311 |       |       ||  1444
       Mace              |       |       |       |       |       |       |    69 |       |       ||    69
       Sacred scourge    |       |       |       |       |       |       |   155 |  1763 |  7215 ||  9133
Invok: Divine Shield     |       |       |       |     3 |     5 |     2 |     2 |     2 |    16 ||    30
       Cleansing Flame   |       |       |       |       |       |     7 |       |       |    12 ||    19
       Summon Divine War |       |       |       |       |       |     2 |     1 |       |    12 ||    15
 Abil: Breathe Fire      |       |       |       |       |       |       |       |       |     2 ||     2
Evoke: Wand              |       |     3 |       |     7 |    11 |       |       |       |     2 ||    23
       Disc of storms    |       |       |       |       |       |       |       |       |     1 ||     1
  Use: Scroll            |       |     8 |     9 |     7 |    12 |     9 |    10 |     7 |    11 ||    73
       Potion            |       |       |     1 |     4 |       |       |     4 |       |    15 ||    24
 Stab: Confused          |       |       |       |       |       |     1 |       |       |       ||     1
       Distracted        |       |       |       |       |       |       |       |       |     2 ||     2
  Eat: Chunk             |     2 |     5 |    12 |    20 |    43 |    39 |    30 |    28 |    59 ||   238
       Pizza             |       |       |       |       |     1 |     2 |     1 |       |     3 ||     7
       Beef jerky        |       |       |       |       |       |     1 |     2 |       |    15 ||    18
       Royal jelly       |       |       |       |       |       |       |       |       |    20 ||    20
       Fruit             |       |       |       |       |       |       |       |       |     2 ||     2
